 Dungeon Crawl Stone Soup version 0.18.1-50-g88ac8fd (webtiles) character file.

2273 parata the Slasher (level 9, -4/78 HPs)
             Began as a Hill Orc Fighter on Sept 14, 2016.
             Killed from afar by Mellonil's ghost (27 damage)
             ... with an exploding inner flame
             ... hexed by the player character
             ... on level 7 of the Dungeon.
             The game lasted 00:47:57 (7855 turns).

parata the Slasher (Hill Orc Fighter)               Turns: 7855, Time: 00:47:58

Health: -4/78      AC:  9    Str: 22    XL:     9   Next: 38%
Magic:  9/9        EV:  4    Int:  8    God:
Gold:   65         SH:  8    Dex: 12    Spells: 0 memorised, 8 levels left

rFire  . . .     SeeInvis .     a - +0 long sword
rCold  . . .     Gourm    .     j - +0 chain mail
rNeg   . . .     Faith    .     c - +0 shield
rPois  .         Spirit   .     p - +0 helmet
rElec  .         Dismiss  .     (no cloak)
rCorr  .         Reflect  .     (no gloves)
SustAt .         Harm     .     (no boots)
MR     .....                    (no amulet)
Stlth  ..........               r - +2 ring of strength
                                e - ring of wizardry

@: very slightly contaminated, hasted (expiring), very heavily drained, very
quick, not resistant to hostile enchantments, extremely unstealthy
A: no striking features
a: no special abilities


You were on level 7 of the Dungeon.
You were hungry.

You visited 1 branch of the dungeon, and saw 7 of its levels.

You collected 324 gold pieces.
You spent 259 gold pieces at shops.

Inventory:

Hand Weapons
 a - a +0 long sword (weapon)
Missiles
 d - 7 tomahawks (quivered)
 k - 100 arrows
 t - 7 javelins
Armour
 c - a +0 shield (worn)
 j - a +0 chain mail (worn)
 p - a +0 helmet (worn)
Jewellery
 e - a ring of wizardry (left hand)
 r - a +2 ring of strength (right hand)
Wands
 l - a wand of polymorph (6/24)
 v - a wand of iceblast (9/15)
Scrolls
 f - a scroll of magic mapping
 i - a scroll of fear
 o - 3 scrolls of enchant weapon
 s - a scroll of immolation
 w - 2 scrolls of blinking {unknown}
 y - 2 scrolls of remove curse
 z - a scroll of enchant armour {unknown}
Potions
 g - a potion of ambrosia
 q - a potion of flight
Books
 u - a book of Envenomations

   Spells                             Type                      Level
   a - Spider Form                    Transmutation/Poison         3
   b - Olgreb's Toxic Radiance        Poison                       4
   c - Alistair's Intoxication        Transmutation/Poison         5
   d - Poisonous Cloud                Conjuration/Poison/Air       6
 A - a book of Maledictions

   Spells                             Type                      Level
   a - Corona                         Hexes                        1
   b - Ensorcelled Hibernation        Hexes/Ice                    2
   c - Confuse                        Hexes                        3
   d - Tukima's Dance                 Hexes                        3
   e - Dazzling Spray                 Conjuration/Hexes            3
Comestibles
 b - a beef jerky
 m - 4 bread rations
 x - a fruit


   Skills:
 + Level 6.5(0.4) Fighting
 * Level 7.8(1.5) Long Blades
 + Level 6.6(0.5) Armour
 + Level 3.7(0.0) Dodging
 - Level 0.1(0.0) Stealth
 + Level 6.9(0.7) Shields


You had 8 spell levels left.
You didn't know any spells.

Dungeon Overview and Level Annotations

Branches:
Dungeon (7/15)             Temple (0/1) D:7

Altars:
Cheibriados
Fedhas
Gozag
Makhleb
Pakellas
Qazlal
Ru

Shops:
D:6 ?


Message History

You closely miss Mellonil's ghost.
Mellonil's ghost is almost destroyed.
Your extra speed is starting to run out.
Mellonil's ghost threatens, "I'm fresh out of hellfire, but you will end anyway."
Mellonil's ghost casts a spell.
Mellonil's ghost puts on a burst of speed!
You closely miss Mellonil's ghost.
Mellonil's ghost is almost destroyed.
Mellonil's ghost gestures at you while chanting.
The zap hits you!
You hit Mellonil's ghost.
Mellonil's ghost is almost destroyed.
Mellonil's ghost gestures wildly while chanting.
You are struck by lightning.
* * * LOW HITPOINT WARNING * * *
The lightning arcs!
Mellonil's ghost is struck by lightning.
Mellonil's ghost explodes!
The fiery explosion engulfs you!
You die...

#..##.#.........
#..##.#.#######.
#...#.#.# . #.#.#.#.# ..
#### #.#.#.#.# ... <.#
#.#.#.#.# .... #.#
#)#...#.######
.....##.###.#............
/.......))§.@....>#######
.....##.#.§§......# ...
#.#.#§###.#.# .
#)#.#...#.#.#
........#.###.#.#..
.#.#....#.# #.#.####
#.#!#...#.# #.#..
.#.#.#..#+# #.###
#.>.#.... #.#


There were no monsters in sight!

Vanquished Creatures
  Pikel (D:6)
  Grinder (D:6)
  The ghost of GFox the Sneak, an amateur HaAs of Okawaru (D:4)
  Edmund (D:5)
  2 sky beasts
  An ogre (D:4)
  2 phantoms
  A gnoll sergeant (D:6)
  2 giant frogs
  3 scorpions
  A howler monkey (D:6)
  A crimson imp (D:5)
  A hound (D:7)
  A giant frog skeleton (D:4)
  2 orc wizards (D:6)
  Jessica (D:2)
  4 worker ants
  A killer bee zombie (D:6)
  Robin (D:2)
  12 gnolls
  6 adders
  2 shadow imps
  An ooze (D:3)
  5 worms
  3 dart slugs
  4 giant geckos
  3 orcs (D:6)
  3 ball pythons
  13 bats
  6 giant cockroaches
  8 hobgoblins
  3 jackals (D:6)
  5 quokkas
  A giant gecko skeleton (D:4)
  4 giant newts
  21 goblins
  7 kobolds
  A quokka skeleton (D:6)
  8 rats
144 creatures vanquished.

Vanquished Creatures (others)
  A sky beast (D:7)
  2 slaves
  2 gnolls
  An orc (D:6)
6 creatures vanquished.

Grand Total: 150 creatures vanquished

Notes
Turn   | Place    | Note
--------------------------------------------------------------
     0 | D:1      | parata the Hill Orc Fighter began the quest for the Orb.
     0 | D:1      | Reached XP level 1. HP: 19/19 MP: 1/1
   334 | D:1      | Reached XP level 2. HP: 27/27 MP: 2/2
  1178 | D:2      | Reached XP level 3. HP: 33/33 MP: 3/3
  1352 | D:2      | Noticed Robin
  1368 | D:2      | Killed Robin
  1381 | D:2      | Reached skill level 3 in Long Blades
  1622 | D:2      | Found a snail-covered altar of Cheibriados.
  1640 | D:2      | Reached XP level 4. HP: 33/41 MP: 4/4
  2060 | D:2      | Noticed Jessica
  2086 | D:2      | Killed Jessica
  2139 | D:2      | Found an oddly glowing altar of Pakellas.
  2148 | D:2      | Reached XP level 5. HP: 47/47 MP: 5/5
  2150 | D:2      | Found an opulent altar of Gozag.
  2719 | D:3      | Found a faded altar to an unknown god.
  2729 | D:3      | Reached skill level 4 in Long Blades
  2962 | D:3      | Reached skill level 1 in Dodging
  3141 | D:3      | Found a blossoming altar of Fedhas.
  3141 | D:3      | Found a burning altar of Makhleb.
  3349 | D:3      | Reached XP level 6. HP: 55/55 MP: 6/6
  4257 | D:4      | Reached skill level 5 in Fighting
  4644 | D:4      | Noticed a sky beast
  4648 | D:4      | Noticed GFox's ghost (amateur HaAs)
  4694 | D:4      | Killed GFox's ghost
  4694 | D:4      | Reached skill level 5 in Long Blades
  4694 | D:4      | Reached XP level 7. HP: 56/61 MP: 7/7
  4716 | D:4      | Reached skill level 5 in Shields
  5157 | D:4      | Reached skill level 5 in Armour
  5472 | D:4      | Reached XP level 8. HP: 58/69 MP: 8/8
  5731 | D:5      | Entered Level 5 of the Dungeon
  5875 | D:5      | Noticed Edmund
  5906 | D:5      | Killed Edmund
  5906 | D:5      | Reached skill level 6 in Long Blades
  6543 | D:6      | Found a stormy altar of Qazlal.
  6577 | D:6      | Noticed Pikel
  6632 | D:6      | Killed Pikel
  6632 | D:6      | Reached skill level 7 in Long Blades
  6741 | D:6      | Found Iwnezou's Magic Scroll Emporium.
  6790 | D:6      | Reached XP level 9. HP: 70/75 MP: 9/9
  6883 | D:6      | Bought a scroll of identify for 28 gold pieces
  6883 | D:6      | Bought a scroll of noise for 14 gold pieces
  6883 | D:6      | Bought a scroll of identify for 28 gold pieces
  6883 | D:6      | Bought a scroll of remove curse for 42 gold pieces
  6883 | D:6      | Bought a scroll of enchant weapon for 105 gold pieces
  6883 | D:6      | Bought a scroll of remove curse for 42 gold pieces
  6949 | D:6      | Noticed Grinder
  6969 | D:6      | Killed Grinder
  7095 | D:6      | Found a sacrificial altar of Ru.
  7776 | D:7      | Found a staircase to the Ecumenical Temple.
  7789 | D:7      | Noticed Mellonil's ghost (novice TeAE)
  7855 | D:7      | Killed Mellonil's ghost
  7855 | D:7      | Killed from afar by Mellonil's ghost

Skill      XL: |  1  2  3  4  5  6  7  8 |
---------------+-------------------------+-----
Fighting       | 4 5 6 |  6.5
Long Blades    | 3 4 5 7 |  7.8
Armour         | 4 5 6 |  6.6
Dodging        | 1 2 3 |  3.7
Shields        | 4 5 6 |  6.9
Stealth        | |  0.1

Action                   |  1- 3 |  4- 6 |  7- 9 || total
-------------------------+-------+-------+-------++-------
Melee: Long sword        |    89 |   250 |   359 ||   698
Throw: Stone             |     5 |     7 |    12 ||    24
  Use: Potion            |     2 |     6 |     6 ||    14
       Scroll            |     1 |     1 |    12 ||    14
 Stab: Paralysed         |       |       |     1 ||     1
  Eat: Bread ration      |     1 |       |       ||     1
       Chunk             |       |     6 |     5 ||    11
       Beef jerky        |       |     1 |     1 ||     2
       Meat ration       |       |     1 |       ||     1
       Fruit             |       |       |     1 ||     1
Armor: Scale mail        |    31 |    77 |       ||   108
       Skin              |       |    25 |    20 ||    45
       Chain mail        |       |    18 |   138 ||   156
Dodge: Dodged            |    14 |    60 |    72 ||   146
Block: Shield            |    37 |   137 |   172 ||   346
